 Dungeon Crawl Stone Soup version 0.23.2-30-g0e89c35 (webtiles) character file.

Game seed: 10173853586478905575

3077 Fortress the Firebug (level 9, -5/117 HPs)
             Began as a Pale Draconian Fire Elementalist on June 20, 2019.
             Was a Priest of Sif Muna.
             Slain by a death yak (16 damage)
             ... on level 7 of the Dungeon.
             The game lasted 00:54:10 (10851 turns).

Fortress the Firebug (DrFE)                        Turns: 10851, Time: 00:54:10

Health: -5/117     AC: 24    Str: 11    XL:     9   Next: 58%
Magic:  13/18      EV:  2    Int: 18    God:    Sif Muna [***...]
Gold:   417        SH:  0    Dex: 12    Spells: 14/20 levels left

rFire    . . .     SeeInvis .   J - +3 short sword
rCold    . . .     Gourm    .   (no shield)
rNeg     + + +     Faith    .   (armour unavailable)
rPois    +         Spirit   .   (helmet currently unavailable)
rElec    .         Reflect  .   (cloak currently unavailable)
rCorr    .         Harm     .   (gloves currently unavailable)
MR       .....     NoTele   +   (boots currently unavailable)
Stlth    +++.......             (no amulet)
HPRegen  0.29/turn              w - ring of stealth
MPRegen  0.16/turn              t - ring of poison resistance

@: tree-form, very slightly contaminated
A: (breathe steam), unfitting armour, AC +7
a: Divine Energy, Channel Magic, Renounce Religion


You were on level 7 of the Dungeon.
You worshipped Sif Muna.
Sif Muna was most pleased with you.
You were not hungry.
You were a tree.
You visited 2 branches of the dungeon, and saw 10 of its levels.
You also visited: Ossuary.

You collected 417 gold pieces.

Inventory:

Hand Weapons
 d - a +1 hunting sling
 f - a +0 dagger of draining
 J - a +3 short sword (weapon)
 K - a cursed +2 morningstar
Missiles
 c - 173 stones (quivered)
 I - 27 sling bullets
Armour
 l - a +2 hat (melded)
 F - a +1 pair of gloves (melded)
Magical Staves
 h - an uncursed staff of poison
Jewellery
 m - an uncursed ring of see invisible
 t - a ring of poison resistance (right branch)
 w - a ring of stealth (left branch)
Wands
 r - a wand of disintegration (1)
 x - a wand of polymorph (17)
 D - a wand of random effects (34)
 G - a wand of enslavement (11)
 H - a wand of paralysis (8)
 N - a wand of flame (23)
Scrolls
 g - 8 scrolls of remove curse
 j - 4 scrolls of enchant weapon
 u - 2 scrolls of immolation
 v - a scroll of blinking
 y - 2 scrolls of teleportation
 C - 2 scrolls of fog
 E - 3 scrolls of amnesia {unknown}
Potions
 i - 3 potions of curing
 k - 3 potions of flight
 n - 4 potions of haste
 q - a potion of magic
 s - 3 potions of cancellation
 z - 3 potions of brilliance
 A - a potion of mutation
 B - a potion of degeneration {unknown}
 M - a potion of berserk rage {unknown}
Comestibles
 b - 9 rations


   Skills:
 * Level 6.6 Fighting
 - Level 2.0 Dodging
 - Level 2.2 Stealth
 - Level 6.0 Spellcasting
 - Level 6.2 Conjurations
 - Level 7.2 Fire Magic
 * Level 5.5 Evocations


You had 14 spell levels left.
You knew the following spells:

 Your Spells              Type           Power        Failure   Level  Hunger
a - Flame Tongue          Conj/Fire      ####.        1%          1    None
b - Throw Flame           Conj/Fire      ####..       1%          2    None
c - Conjure Flame         Conj/Fire      ####....     2%          3    ##.....

Your spell library contained the following spells:

 Spells                   Type           Power        Failure   Level  Hunger
 Sticky Flame             Conj/Fire      ####....     8%          4    ####...
 Inner Flame              Hex/Fire       ###.....     9%          3    ##.....
 Animate Skeleton         Necr           N/A          12%         1    None
 Pain                     Necr           #...         12%         1    None
 Fireball                 Conj/Fire      ####......   22%         5    #####..
 Regeneration             Chrm/Necr      #.........   34%         3    ##.....
 Vampiric Draining        Necr           #.........   34%         3    ##.....
 Animate Dead             Necr           N/A          75%         4    ####...
 Cause Fear               Hex            #.........   75%         4    ####...
 Silence                  Hex/Air        #.........   97%         5    #####..
 Yara's Violent Unravell  Hex/Tmut       #.........   97%         5    #####..
 Deflect Missiles         Chrm/Air       #.........   100%        6    #######
 Discord                  Hex            #.........   100%        8    #######


Dungeon Overview and Level Annotations

Branches:
Dungeon (9/15)             Temple (1/1) D:7
   Lair: D:8-11         Orc: D:9-12

Altars:
Ashenzari
Cheibriados
Dithmenos
Elyvilon
Gozag
Hepliaklqana
Kikubaaqudgha
Makhleb
Nemelex Xobeh
Okawaru
Ru
Sif Muna
Trog
Uskayaw
Vehumet
Wu Jian
Xom
Yredelemnul
Zin

Shops:
D:4 =

Annotations:
D:7 1 runed translucent door, ohno's ghost, novice HOFi
D:8 Prince Ribbit


Innate Abilities, Weirdness & Mutations

((You can breathe blasts of scalding, opaque steam.))
((Your pale cyan-grey scales are hard. (AC +7)))
You cannot fit into any form of body armour.
((You are cold-blooded and may be slowed by cold attacks.))


Message History

Press: ? - help, Shift-Dir - straight line, f/p - death yak
Aim: a death yak (severely wounded)
The flame tongue hits the death yak.
The death yak is severely wounded.
The death yak gores you.
* * * LOW HITPOINT WARNING * * *
Casting: Flame Tongue (safe; 1% risk of failure)
Confirm with . or Enter, or press ? or * to list all spells.
Aiming: Flame Tongue (safe; 1% risk of failure)
Press: ? - help, Shift-Dir - straight line, f/p - death yak
Aim: a death yak (severely wounded)
The flame tongue hits the death yak.
The death yak is severely wounded.
The death yak gores you!
* * * LOW HITPOINT WARNING * * *
You are confused.
You feel invigorated. The death yak gores you!
* * * LOW HITPOINT WARNING * * *
You feel better.
You feel less invigorated. The death yak gores you!
You die...

........#<#.# #......#
#######.#.#.# #......#
#######.#.#.###......#
..............+.>....#
....###.#.#.###......#
###.# #.#.#.# #......#
###.###.#.#.####°######
................Y.....#
###.###.#.##....♣.....#
#.#
#.#.##..##.#########
#.#
#.#...............[#
###.#
#.####.#.#.#######.#
....# #.............#
#.# ##..#
######.#...##.# #.#
#..########.#...##.#
#.#
#...............##.#
#.#
#.##########.##.##.#
#.#


You could see a death yak.

Vanquished Creatures
  Pikel (D:4)
  Grinder (D:3)
  A hungry ghost (D:7)
  Menkaure (Ossuary)
  A water moccasin (D:6)
  An orc warrior (D:6)
  An ice beast (D:5)
  An ogre (D:6)
  3 centaurs
  2 bullfrogs
  An elf zombie (Ossuary)
  A big kobold (D:8)
  A scorpion (D:4)
  4 wights (D:6)
  4 centaur zombies (Ossuary)
  3 crimson imps
  A bullfrog zombie (D:5)
  A jelly (D:8)
  A hound (D:7)
  2 orc priests (D:6)
  4 orc wizards
  Natasha (D:3)
  2 bullfrog skeletons
  An iguana (D:5)
  Ijyb (D:3)
  A worker ant (D:5)
  An ogre zombie (Ossuary)
  A hound skeleton (D:5)
  6 mummies (Ossuary)
  9 adders
  4 gnolls (D:8)
  4 river rats
  2 oozes
  3 adder zombies (Ossuary)
  4 worms (D:2)
  2 dart slugs
  4 leopard geckos
  17 orcs
  8 bats
  10 giant cockroaches
  2 gnoll zombies (D:8)
  5 hobgoblins
  10 jackals
  6 kobolds
  8 quokkas
  A ball python (D:2)
  4 frilled lizards
  7 goblins
  6 goblin zombies (Ossuary)
  3 hobgoblin zombies (Ossuary)
  4 kobold zombies (Ossuary)
  6 quokka zombies (Ossuary)
  8 rats
  2 rat zombies (Ossuary)
189 creatures vanquished.

Vanquished Creatures (others)
  A fungus (D:8)
1 creature vanquished.

Grand Total: 190 creatures vanquished

Notes
Turn   | Place    | Note
-------+----------+-------------------------------------------
     0 | D:1      | Fortress the Draconian Fire Elementalist began the quest
                  | for the Orb.
     0 | D:1      | Reached XP level 1. HP: 14/14 MP: 3/3
   181 | D:1      | Reached XP level 2. HP: 20/20 MP: 1/5
   643 | D:1      | Reached XP level 3. HP: 26/26 MP: 3/6
  1861 | D:2      | Found a deep blue altar of Sif Muna.
  1867 | D:2      | Became a worshipper of Sif Muna the Loreminder
  2252 | D:2      | Reached XP level 4. HP: 33/33 MP: 2/8
  2896 | D:3      | Found an iron altar of Okawaru.
  2931 | D:3      | Reached skill level 4 in Fire Magic
  3319 | D:3      | Noticed a bullfrog
  3323 | D:3      | Killed a bullfrog
  3323 | D:3      | Reached XP level 5. HP: 38/38 MP: 5/10
  3385 | D:3      | Noticed Grinder
  3389 | D:3      | Learned a level 2 spell: Throw Flame
  3391 | D:3      | Paralysed by Grinder for 2 turns
  3410 | D:3      | Killed Grinder
  3410 | D:3      | Reached * piety under Sif Muna
  3410 | D:3      | Reached XP level 6. HP: 22/45 MP: 0/12
  3892 | D:3      | Noticed Ijyb
  3917 | D:3      | Killed Ijyb
  3917 | D:3      | Reached skill level 5 in Fire Magic
  4093 | D:3      | Learned a level 3 spell: Conjure Flame
  4284 | D:3      | Noticed Natasha
  4291 | D:3      | Killed Natasha
  4400 | D:4      | Noticed a slave
  4400 | D:4      | Noticed a slave
  4400 | D:4      | Noticed a slave
  4401 | D:4      | Noticed Pikel
  4605 | D:4      | Found an opulent altar of Gozag.
  4605 | D:4      | Found a sacrificial altar of Ru.
  4605 | D:4      | Found a shattered altar of Ashenzari.
  4785 | D:4      | Noticed a slave
  4801 | D:4      | Killed Pikel
  4801 | D:4      | Reached ** piety under Sif Muna
  4801 | D:4      | Reached skill level 5 in Spellcasting
  4801 | D:4      | Your scales start taking on a pale cyan-grey colour.
  4801 | D:4      | Reached skill level 6 in Fire Magic
  4801 | D:4      | Reached XP level 7. HP: 28/50 MP: 0/15
  5020 | D:4      | Found Qickoeli's Jewellery Emporium.
  5276 | D:5      | Entered Level 5 of the Dungeon
  5316 | D:5      | Reached XP level 8. HP: 57/57 MP: 16/16
  5331 | D:5      | Found an ancient bone altar of Kikubaaqudgha.
  5528 | D:5      | Found a sand-covered staircase.
  5533 | Ossuary  | Entered an ossuary
  5668 | Ossuary  | Reached skill level 5 in Conjurations
  6258 | Ossuary  | Noticed Menkaure
  6265 | Ossuary  | Killed Menkaure
  6265 | Ossuary  | Reached skill level 7 in Fire Magic
  6541 | Ossuary  | Reached *** piety under Sif Muna
  6867 | D:5      | Reached skill level 1 in Fighting
  6941 | D:5      | Reached skill level 1 in Evocations
  7963 | D:6      | Found a snail-covered altar of Cheibriados.
  7965 | D:6      | You fall through a shaft for 3 floors!
  7971 | D:9      | Noticed a troll
  7987 | D:8      | Noticed Prince Ribbit
  8045 | D:8      | Found a bloodstained altar of Trog.
  8248 | D:8      | Reached XP level 9. HP: 70/70 MP: 15/18
  8739 | D:7      | Found a runed translucent door.
  8741 | D:7      | Noticed ohno's ghost (novice HOFi)
  8889 | D:6      | Reached skill level 5 in Fighting
  9671 | D:6      | Reached skill level 5 in Evocations
 10102 | D:7      | Found a staircase to the Ecumenical Temple.
 10117 | Temple   | Entered the Ecumenical Temple
 10774 | D:8      | Found a basalt altar of Yredelemnul.
 10814 | D:8      | Noticed a death yak
 10816 | D:8      | Noticed a death yak
 10840 | D:7      | HP: 3/78 [death yak (20)]
 10850 | D:7      | HP: 2/117 [death yak (13)]
 10851 | D:7      | Slain by a death yak

Skill      XL: |  1  2  3  4  5  6  7  8  9 |
---------------+----------------------------+-----
Dodging        | 2 |  2.0
Stealth        | 2 |  2.2
Spellcasting   | 3 4 5 6 |  6.0
Fire Magic     | 4 6 7 |  7.2
Conjurations   | 2 3 4 6 |  6.2
Fighting       | 3 6 |  6.6
Evocations     | 3 5 |  5.5

Action                   |  1- 3 |  4- 6 |  7- 9 || total
-------------------------+-------+-------+-------++-------
Melee: Dagger            |    11 |    43 |   136 ||   190
       Tailslap          |       |     2 |    17 ||    19
       Short sword       |       |       |    40 ||    40
 Cast: Flame Tongue      |    88 |    92 |   295 ||   475
       Throw Flame       |       |     1 |    32 ||    33
       Conjure Flame     |       |       |     4 ||     4
Evoke: Wand              |       |       |     4 ||     4
  Use: Scroll            |       |     5 |    13 ||    18
       Potion            |       |     1 |     8 ||     9
 Stab: Sleeping          |       |       |     3 ||     3
  Eat: Chunk             |     4 |     5 |     6 ||    15
       Ration            |       |     1 |     4 ||     5
Armor: Skin              |     6 |    66 |   121 ||   193
Dodge: Dodged            |    32 |    51 |   132 ||   215
